 Dungeon Crawl Stone Soup version 0.31.0-2-g5a2aebc5c2 (webtiles) character file.

Game seed: 322213560049603500

235 ssalbiz the Chopper (level 5, -9/45 HPs)
             Began as a Minotaur Berserker on Jan 20, 2024.
             Was a Believer of Trog.
             Mangled by Pikel
             ... wielding a +0 whip of flaming
              (11 damage)
             ... on level 4 of the Dungeon.
             The game lasted 00:02:22 (2907 turns).

ssalbiz the Chopper (Minotaur Berserker)            Turns: 2907, Time: 00:02:23

Health: -9/45      AC:  3    Str: 24    XL:     5   Next: 76%
Magic:  4/4        EV: 12    Int:  4    God:    Trog [**....]
Gold:   206        SH:  0    Dex:  9    Spells: 4/4 levels left

rFire   + . .        q - +0 war axe
rCold   . . .        (no shield)
rNeg    + + .        p - +1 robe of Sateden {-Tele +Inv rN++}
rPois   .            (helmet restricted)
rElec   .            (no cloak)
rCorr   .            (no gloves)
SInv    .            (no boots)
Will    .....        (no amulet)
Stlth   +            d - ring of protection from fire
HPRegen 0.27/turn    (no ring)
MPRegen 0.09/turn

%: no teleportation
@: on berserk cooldown, slowed, very slow
A: horns 2, retaliatory headbutt
a: Renounce Religion, Evoke Invisibility, Berserk, Trog's Hand


You were on level 4 of the Dungeon.
You worshipped Trog.
Trog was pleased with you.
You visited 1 branch of the dungeon, and saw 4 of its levels.

You collected 206 gold pieces.

Inventory:

Hand Weapons
 q - a +0 war axe (weapon)
Missiles
 o - 9 poisoned darts (quivered)
Armour
 p - the +1 robe of Sateden (worn) {-Tele +Inv rN++}
   (You found it on level 3 of the Dungeon)

   rN++:      It greatly protects you from negative energy.
   +Inv:      It lets you turn invisible.
   -Tele:     It prevents most forms of teleportation.
Jewellery
 d - a ring of protection from fire (left hand)
Wands
 u - a wand of acid (10)
 w - a wand of mindburst (13)
Scrolls
 a - a scroll of identify {unknown}
 e - 3 scrolls of blinking {unknown}
 i - a scroll of amnesia {unknown}
 j - a scroll of immolation {unknown}
 k - 3 scrolls of noise {unknown}
 l - a scroll of poison {unknown}
 m - a scroll of teleportation {unknown}
 n - a scroll of brand weapon {unknown}
 s - a scroll of enchant weapon {unknown}
 t - a scroll of acquirement {unknown}
Potions
 b - 2 potions of mutation {unknown}
 c - 2 potions of heal wounds {unknown}
 f - 4 potions of lignification {unknown}
 g - 5 potions of curing {unknown}
 h - 3 potions of attraction {unknown}
 r - a potion of brilliance {unknown}
 v - a potion of haste {unknown}


   Skills:
 - Level 3.6 Fighting
 + Level 7.9 Axes
 - Level 2.4 Armour
 - Level 2.1 Dodging


You had 4 spell levels left.
You didn't know any spells.
Your spell library was empty.

Dungeon Overview and Level Annotations

Branches:
Dungeon (4/15)
 Temple: D:4-7

Altars:
Trog

Shops:
D:3 (

Annotations:
D:3 2 transporters
D:4 Pikel


Innate Abilities, Weirdness & Mutations

You have a pair of horns on your head.
You reflexively headbutt those who attack you in melee.


Message History

The lemure is moderately wounded.
The lemure misses you.
You barely miss the lemure.
The lemure is moderately wounded.
You feel the effects of Trog's Hand fading.
You slash the lemure!
The lemure is severely wounded.
The lemure hits you.
You closely miss the lemure.
The lemure is severely wounded.
The lemure hits you.
You slash the lemure!
You kill the lemure!
That felt strangely unrewarding.
You are no longer berserk.
You are exhausted.
You feel yourself slow down.
Pikel hits you with a +0 whip of flaming.
Pikel closely misses you. You furiously retaliate!
You headbutt Pikel! You hit Pikel but do no damage.
Pikel is moderately wounded.
Pikel hits you with a +0 whip of flaming!
Pikel burns you.
You completely miss Pikel.
Pikel is moderately wounded.
Your skin stops crawling.
You feel less strong-willed.
Pikel hits you with a +0 whip of flaming!
* * * LOW HITPOINT WARNING * * *
Pikel burns you.
* * * LOW HITPOINT WARNING * * *
Pikel closely misses you.
Aiming: Mindburst
Press: ? - help, Shift-Dir - straight line, f - Pikel
Aim: Pikel, wielding a +0 whip of flaming and wearing a +0 robe (moderately wounded, chance to affect: 64%) Pikel's mind is blasted!!
Pikel hits you with a +0 whip of flaming!
* * * LOW HITPOINT WARNING * * *
Pikel hits you with a +0 whip of flaming!
You die...
Pikel says, "See you in Hell!"

### #.# ## #.# ### #.
####.# #.###. ....#
###...... #.#.#
....##.##
#.#.###########.##.#....
#......@K55......#...##.
#...##########..## #.#..
#...# #..# #...#
###...####... #5.#
.#.#.# #..........# #..#
...#.. ##...####....
#5..#.#.#.# #...### .#
.K....#...# #.....#
.....#.#.#.. #...#.#
......#...##.


You could see Pikel and 2 lemures.

Vanquished Creatures
  2 lemures (D:4)
  A hound (D:3)
  A jelly (D:4)
  An iguana (D:4)
  3 gnolls (D:4)
  5 adders
  3 dart slugs
  3 orcs (D:4)
  5 ball pythons
  3 endoplasms
  4 giant cockroaches
  4 goblins
  7 hobgoblins
  3 jackals (D:1)
  7 kobolds
  7 quokkas
  A bat (D:2)
  5 frilled lizards
  3 rats
68 creatures vanquished.

Notes
Turn   | Place    | Note
-------+----------+-------------------------------------------
     0 | D:1      | ssalbiz the Minotaur Berserker began the quest for the Orb.
     0 | D:1      | Reached XP level 1. HP: 19/19 MP: 0/0
    74 | D:1      | Reached skill level 4 in Axes
    78 | D:1      | Reached XP level 2. HP: 26/26 MP: 1/1
   222 | D:1      | Reached skill level 5 in Axes
   226 | D:1      | Reached XP level 3. HP: 22/31 MP: 2/2
   599 | D:2      | Found a bloodstained altar of Trog.
   603 | D:2      | Reached ** piety under Trog
  1428 | D:3      | Found a transporter.
  1431 | D:3      | Reached XP level 4. HP: 33/39 MP: 3/3
  1454 | D:3      | Found Guafruri's Antique Weapon Boutique.
  1456 | D:3      | Found a transporter.
  1458 | D:3      | Identified the +1 robe of Sateden {-Tele +Inv rN++}
  1501 | D:3      | Reached skill level 6 in Axes
  2101 | D:4      | Reached skill level 7 in Axes
  2101 | D:4      | Reached XP level 5. HP: 24/45 MP: 4/4
  2871 | D:4      | Noticed a lemure
  2872 | D:4      | Noticed a lemure
  2872 | D:4      | Noticed a lemure
  2873 | D:4      | Noticed Pikel
  2873 | D:4      | Noticed a lemure
  2897 | D:4      | Killed a lemure
  2903 | D:4      | Killed a lemure
  2907 | D:4      | HP: 2/45 [Pikel/+0 whip of flaming (10)]
  2907 | D:4      | Mangled by Pikel

Illustrated notes

Levels and vault maps discovered:
D:1:      mushboom_english_gardens, layout_rooms, serial_curves, eino_curves_04,
          eino_curves_04, minmay_misc_feat_rows
D:2:      wad_woods_stonehenge, layout_loops_ring
D:3:      minmay_evil_eye, layout_loops_ring, serial_shops,
          nicolae_shop_drivethru
D:4:      layout_basic, nicolae_concentric_dashed_squares_mild, uniq_pikel

Skill      XL: |  1  2  3  4 |
---------------+-------------+-----
Axes           | 4 5 7 |  7.9
Fighting       | |  3.6
Armour         | |  2.4
Dodging        | |  2.1

Action                     |  1- 3 |  4- 6 || total
---------------------------+-------+-------++-------
  Melee: Hand axe          |   101 |    14 ||   115
         Headbutt          |    16 |     9 ||    25
         Punch             |     2 |     1 ||     3
         War axe           |       |    54 ||    54
 Invoke: Berserk           |       |     1 ||     1
         Trog's Hand       |       |     1 ||     1
  Evoke: Wand              |       |     1 ||     1
 Armour: Animal skin       |    51 |       ||    51
         Robe              |       |    42 ||    42
  Dodge: Dodged            |    77 |    48 ||   125
